cohdb
Replays
Latest Replays
All Replays
Popular Replays
Top Player Replays
Match Explorer
How It Works
Community
CoH3 Stats
Reddit
Sign in to upload your games and track your stats! →
Sign in with Steam
Match 45265071
Unlisted
Match 45265071
Overview
Messages
Build Orders
End
Construct Infanterie Kompanie
Pioneer Squad
Selects Luftwaffe Battlegroup
Selects Luftwaffe Pioneer Support
Fallschirmpioneer Squad Paradrop
MG 42 Machine Gun Team
Grenadier Squad
Selects Stuka Strafing Run
Construct Luftwaffe Kompanie
Jäger Squad
Support Elements
Selects Fallschirmjäger Squad Paradrop
Fallschirmjäger Squad Paradrop
Wirbelwind Flakpanzer
Mael Radec
YoRudy
0
0
Comments
sign in to comment!
No comments posted yet!